 Dungeon Crawl Stone Soup version 0.29-a0-243-g602b31c20e (webtiles) character file.

Game seed: 7001413357667308648

64 Orangeyouglad the Insei (level 4, -1/33 HPs)
             Began as a Djinni Transmuter on Mar 4, 2022.
             Slain by a gnoll
             ... wielding a +0 flail
              (13 damage)
             ... on level 3 of the Dungeon.
             The game lasted 00:04:54 (2727 turns).

Orangeyouglad the Insei (Djinni Transmuter)         Turns: 2727, Time: 00:04:55

Health: -1/33      AC:  2    Str: 11    XL:     4   Next: 32%
Gold:   97         EV: 13    Int: 14    God:
                   SH:  0    Dex: 14

rFire   + + .      SeeInvis .     - Unarmed
rCold   x . .      Faith    .   (no shield)
rNeg    . . .      Spirit   .   a - +0 robe
rPois   ∞          Reflect  .   (helmet currently unavailable)
rElec   .          Harm     .   (no cloak)
rCorr   .          Rampage  .   (no gloves)
Will    .....                   (boots unavailable)
Stlth   +.........              e - amulet of regeneration
HPRegen 0.91/turn               (no ring)
MPRegen 0.00/turn               (no ring)

@: appendages (expiring), flying
A: horns 2, flying, sickness immunity, fire resistance 2, cold vulnerability 1,
float, innate caster, HP casting, extra vitality 1
a: End Transformation


You were on level 3 of the Dungeon.
You had temporarily grown beastly horns.
You visited 1 branch of the dungeon, and saw 3 of its levels.

You collected 97 gold pieces.

Inventory:

Hand Weapons
 c - a +2 short sword of electrocution
Missiles
 n - 5 silver boomerangs
Armour
 a - a +0 robe (worn)
 d - a +0 helmet (melded)
 l - the +3 ring mail of Qocush {rElec}
   (You found it on level 2 of the Dungeon)

   rElec:     It insulates you from electricity.
Jewellery
 e - an amulet of regeneration (around neck)
Scrolls
 f - a scroll of acquirement {unknown}
 h - a scroll of enchant weapon {unknown}
 m - 2 scrolls of identify {unknown}
Potions
 b - a potion of lignification {unknown}
 g - a potion of attraction {unknown}
 i - a potion of mutation {unknown}
 j - a potion of heal wounds {unknown}
 k - 2 potions of flight {unknown}


   Skills:
 + Level 2.0 Fighting
 + Level 3.0 Dodging
 + Level 3.5 Unarmed Combat
 + Level 2.1 Spellcasting


You couldn't memorise any spells.
You knew the following spells:

 Your Spells              Type           Power      Damage    Failure   Level
a - Beastly Appendage     Tmut           14%        N/A       10%         1
b - Wereblood             Tmut           7%         N/A       16%         2
c - Spider Form           Tmut/Pois      7%         N/A       30%         3
d - Ice Form              Ice/Tmut       7%         N/A       69%         4
e - Animate Skeleton      Necr           14%        N/A       10%         1
Your spell library was empty.

Dungeon Overview and Level Annotations

Branches:
Dungeon (3/15)

Altars:


Innate Abilities, Weirdness & Mutations

You have temporarily grown beastly horns.
You are flying.
You are immune to sickness and miasma.
You are immune to poison.
Your flesh is very heat resistant. (rF++)
You are vulnerable to cold. (rC-)
You float through the air rather than walking.
You learn spells naturally, not from books.
Your magical power is your life essence.
You have superior vitality. (+4 MHP)


Message History

The orc is severely wounded.
The orc closely misses you.
You hit the orc but do no damage. You headbutt the orc.
The orc is almost dead.
You barely miss the orc. You headbutt the orc.
You kill the orc!
Your transformation is almost over.
Your Dodging skill increases to level 3!
Items here: ( ) [ †.
You start resting.
Your horns disappear.
Your +0 helmet unmelds from your body.
You start resting.
HP restored.
There is a stone staircase leading down here.
You fly downwards.
There is a stone staircase leading up here.
A gnoll is nearby!
Casting: Beastly Appendage (safe; 10% risk of failure)
Press: ? - help, Q - select action, (/) - cycle Dir - look around, f - activate You miscast Beastly Appendage.
You are very lightly contaminated with residual magic.
Nothing appears to happen.
The gnoll shouts!
There is a stone staircase leading up here.
Casting: Beastly Appendage (safe; 10% risk of failure)
Press: ? - help, Q - select action, (/) - cycle Dir - look around, f - activate You grow a pair of large bovine horns.
Your +0 helmet melds into your body.
The gnoll hits you with a +0 flail!
You hit the gnoll but do no damage. The gnoll hits you with a +0 flail.
You closely miss the gnoll. The gnoll hits you with a +0 flail!
* * * LOW HITPOINT WARNING * * *
You hit the gnoll but do no damage.
You headbutt the gnoll, but do no damage.
The gnoll closely misses you.
Your magical contamination has completely faded away.
There is a stone staircase leading up here.
Your transformation is almost over.
The gnoll hits you with a +0 flail!
You die...

###########)##
.............#
######.##..##
#>##.## #.##.#
#[##.# #.##.#
##.####.##.#
........##@#
##.####.##g#
#.........##
######.#...#
...>#...###
#.##.......# #
#....>...#
...........#
.#..##...###


You could see a gnoll.

Vanquished Creatures
  An adder (D:1)
  A worm (D:3)
  2 dart slugs (D:1)
  4 orcs
  2 ball pythons
  A giant cockroach (D:1)
  3 goblins
  2 hobgoblins
  4 jackals (D:2)
  2 quokkas (D:1)
  3 bats (D:1)
  3 frilled lizards (D:1)
  3 kobolds
  A rat (D:1)
32 creatures vanquished.

Vanquished Creatures (collateral kills)
  A gnoll (D:3)
1 creature vanquished.

Grand Total: 33 creatures vanquished

Notes
Turn   | Place    | Note
-------+----------+-------------------------------------------
     0 | D:1      | Orangeyouglad the Djinni Transmuter began the quest for the
                  | Orb.
     0 | D:1      | Reached XP level 1. HP: 17/17 MP: 0/0
   231 | D:1      | Reached XP level 2. HP: 16/22 MP: 0/0
  1554 | D:1      | Reached XP level 3. HP: 19/27 MP: 0/0
  1554 | D:1      | Learned a level 1 spell: Animate Skeleton
  1748 | D:2      | Identified the +3 ring mail of Qocush {rElec}
  2448 | D:3      | Reached XP level 4. HP: 16/33 MP: 0/0
  2727 | D:3      | Slain by a gnoll

Illustrated notes

Levels and vault maps discovered:
D:1:      saegor_arrival_simple_b, layout_basic, minmay_fountain_box,
          bh_walls_and_bars
D:2:      layout_basic, serial_glass, glass_columns_c, glass_columns_a
D:3:      layout_loops_ring, amethyst_overflow_temple_binary, serial_shops,
          nicolae_shop_stone

Skill      XL: |  1  2  3  4 |
---------------+-------------+-----
Spellcasting   | 2 |  2.1
Fighting       | 2 |  2.0
Dodging        | 3 |  3.0
Unarmed Combat | |  3.5

Action                   |  1- 3 |  4- 6 || total
-------------------------+-------+-------++-------
Melee: Unarmed           |    91 |    31 ||   122
       Headbutt          |    12 |     4 ||    16
       Punch             |     1 |     1 ||     2
 Cast: Beastly Appendage |    18 |     5 ||    23
       Animate Skeleton  |     5 |     2 ||     7
 Stab: Sleeping          |     1 |       ||     1
Armor: Robe              |    32 |     6 ||    38
Dodge: Dodged            |    76 |    24 ||   100

Table legend: (Time is in decaauts)
 A = Elapsed time spent in this place.
 B = Non-inter-level travel time spent in this place.
 C = Inter-level travel time spent in this place.
 D = Time resting spent in this place.
 E = Time spent auto-exploring this place.
 F = Levels seen in this place.
 G = Mean time per level.
                   A        B        C        D        E       F      G
               +--------+--------+--------+--------+--------+-----+--------+
         Total |   2723 |   2544 |    179 |    651 |   1398 |   3 |  907.7 |
       Dungeon |   2723 |   2544 |    179 |    651 |   1398 |   3 |  907.7 |
               +--------+--------+--------+--------+--------+-----+--------+

Top non-repeatable levels by time:
     D:1: 1555 daAuts
     D:2: 979 daAuts
     D:3: 189 daAuts
